 Dungeon Crawl Stone Soup version 0.30-a0-778-g2ef04afb54 (console) character file.

Game seed: 13389408876367948272

1032 rlgrobin the Cleaver (level 8, -3/63 HPs)
             Began as a Meteoran Fighter on Feb 17, 2023.
             Was a Priest of Zin.
             Shot with an arrow by a centaur (5 damage)
             ... on level 7 of the Dungeon.
             The game lasted 00:06:08 (922 turns).

rlgrobin the Cleaver (Meteoran Fighter)              Turns: 922, Time: 00:06:08

Health: -3/63      AC: 11    Str: 19    XL:     8   Next: 76%
Magic:  0/13       EV:  5    Int: 11    God:    Zin [***...]
Gold:   155        SH:  5    Dex: 13    Spells: 7/7 levels left

rFire   . . .      SeeInvis .    a - +0 war axe
rCold   . . .      Faith    .    c - +0 buckler
rNeg    + . .      Spirit   +    i - +0 plate armour
rPois   .          Reflect  .    (no helmet)
rElec   .          Harm     .    (no cloak)
rCorr   .          Rampage  .    (no gloves)
Will    ++...                    (no boots) Stlth
                                 k - amulet of guardian spirit
HPRegen 0.30/turn                e - ring of positive energy
MPRegen 0.13/turn                o - ring of willpower

@: glowing
A: sense surroundings 1, otherworldly, glowing, explore regen
a: Renounce Religion, Recite, Vitalisation, Imprison, Donate Gold


You were on level 7 of the Dungeon.
You worshipped Zin.
Zin was most pleased with you.
You visited 1 branch of the dungeon, and saw 7 of its levels.

You collected 172 gold pieces.
You donated 17 gold pieces to Zin.

Inventory:

Hand Weapons
 a - a +0 war axe (weapon)
Armour
 c - a +0 buckler (worn)
 i - a +0 plate armour (worn)
Jewellery
 e - a ring of positive energy (left hand)
 k - an amulet of guardian spirit (around neck)
 o - a ring of willpower (right hand)
Scrolls
 f - a scroll of enchant armour {unknown}
 g - 2 scrolls of fog {unknown}
 l - a scroll of vulnerability {unknown}
 m - a scroll of teleportation {unknown}
Potions
 d - a potion of heal wounds {unknown}
 h - a potion of attraction
 n - a potion of brilliance
 p - a potion of mutation
 q - a potion of lignification {unknown}


   Skills:
 - Level 3.2 Fighting
 + Level 9.6 Axes
 - Level 3.6 Armour
 - Level 3.6 Shields
 + Level 6.5 Invocations


You had 7 spell levels left.
You didn't know any spells.
Your spell library contained the following spells:

 Spells                   Type           Power      Damage    Failure   Level
 Slow                     Hex            0%         N/A       100%        1
 Confusing Touch          Hex            0%         N/A       100%        3
 Vampiric Draining        Necr           0%         2d6       100%        3


Dungeon Overview and Level Annotations

Branches:
Dungeon (8/15) Zot: 3241
 Temple: D:4-7         Lair: D:8-11

Altars:
Dithmenos
Ru
Vehumet
Zin
The Shining One


Innate Abilities, Weirdness & Mutations

You passively map a small area around you.
You are easily found by Zot.
You glow in the dark.
You regain HP and MP as you explore.


Message History

The arrow hits you. The water moccasin barely misses you.
You miss the water moccasin.
The water moccasin is severely wounded.
The water moccasin bites you but does no damage.
The centaur shoots an arrow.
You block the arrow.
You barely miss the water moccasin.
The water moccasin is severely wounded.
The water moccasin barely misses you.
The centaur shoots an arrow.
The arrow hits you but does no damage.
A black bear comes into view.
You miss the water moccasin.
The water moccasin is severely wounded.
The black bear growls angrily.
The centaur shoots an arrow.
The arrow hits you!
The water moccasin bites you but does no damage.
The centaur shoots an arrow.
The arrow hits you.
The water moccasin bites you but does no damage.
You slash the water moccasin!
The water moccasin is almost dead.
The centaur shoots an arrow.
The arrow hits you. The water moccasin bites you.
* * * LOW HITPOINT WARNING * * *
You are poisoned.
The water moccasin poisons you!
You closely miss the water moccasin.
The water moccasin is almost dead.
You feel very sick.
The centaur shoots an arrow.
The arrow hits you!
* * * LOW HITPOINT WARNING * * *
The water moccasin bites you but does no damage.
The centaur shoots an arrow.
The arrow hits you!
* * * LOW HITPOINT WARNING * * *
The water moccasin completely misses you.
You feel better.
The centaur shoots an arrow.
The arrow hits you!
* * * LOW HITPOINT WARNING * * *
You block the water moccasin's attack.
The centaur shoots an arrow.
You block the arrow.
You hit the water moccasin.
You kill the water moccasin!
The centaur shoots an arrow.
The arrow hits you.
You die...

,...###...........#,*
, ..,* #..#...###...
# * #.......##..# * *
# * #..#......... , ,
#.####..#.†....... *
.#.<.....#......... ,
, ...................
#.........##..#..# ,
#....†@........... *
#....##.#.###...##
,#.#. #.....,...# , *
# #.#.##...## ,
.....#,..# , * ,,,
.h..... . ....c....,
* , .#.#. #.., , , ,
, ,,


You could see a black bear and a centaur.

Vanquished Creatures
  Pikel (D:4)
  3 water moccasins
  An orc warrior (D:8)
  A lemure (D:3)
  A bullfrog (D:8)
  2 orc priests
  A jelly (D:5)
  An iguana (D:5)
  An orc wizard (D:4)
  2 adders
  A shadow imp (D:8)
  A dart slug (D:4)
  13 orcs
  A bat (D:1)
  3 endoplasms
  A giant cockroach (D:3)
  A hobgoblin (D:1)
  6 jackals
  4 kobolds
  A quokka (D:3)
  5 ball pythons
  A frilled lizard (D:1)
  6 goblins
  2 rats
60 creatures vanquished.

Notes
Turn   | Place    | Note
-------+----------+-------------------------------------------
     0 | D:1      | rlgrobin the Meteoran Fighter began the quest for the Orb.
     0 | D:1      | Reached XP level 1. HP: 19/19 MP: 2/2
    71 | D:1      | Reached skill level 3 in Axes
    71 | D:1      | Reached XP level 2. HP: 21/26 MP: 3/3
   240 | D:2      | Found a faded altar of an unknown god.
   261 | D:2      | Prayed at the altar of an unknown god.
   261 | D:2      | Became a worshipper of Zin the Law-Giver
   261 | D:2      | Reached * piety under Zin
   290 | D:2      | Reached XP level 3. HP: 31/31 MP: 4/4
   317 | D:3      | Found a glowing golden altar of the Shining One.
   317 | D:3      | Found a radiant altar of Vehumet.
   321 | D:3      | Reached ** piety under Zin
   379 | D:3      | Reached skill level 1 in Invocations
   418 | D:3      | Found a sacrificial altar of Ru.
   445 | D:3      | Reached skill level 4 in Axes
   467 | D:4      | Noticed Pikel
   469 | D:4      | Noticed a lemure
   469 | D:4      | Noticed a lemure
   470 | D:4      | Noticed a lemure
   471 | D:4      | Noticed a lemure
   485 | D:3      | Killed a lemure
   529 | D:4      | Killed Pikel
   530 | D:4      | Reached skill level 6 in Axes
   530 | D:4      | Reached XP level 4. HP: 30/38 MP: 4/9
   530 | D:4      | Reached XP level 5. HP: 36/45 MP: 4/10
   530 | D:4      | Reached XP level 6. HP: 41/51 MP: 4/11
   530 | D:4      | Reached XP level 7. HP: 46/57 MP: 4/12
   587 | D:4      | Reached skill level 7 in Axes
   655 | D:4      | Reached *** piety under Zin
   685 | D:5      | Entered Level 5 of the Dungeon
   766 | D:4      | Reached XP level 8. HP: 63/63 MP: 13/13
   799 | D:5      | You fall into a shaft and drop 3 floors!
   801 | D:8      | Found a shadowy altar of Dithmenos.
   829 | D:8      | Reached skill level 8 in Axes
   833 | D:8      | Reached skill level 9 in Axes
   920 | D:7      | HP: 3/63 [centaur/arrow (6)]
   922 | D:7      | Shot with an arrow by a centaur

Illustrated notes

Levels and vault maps discovered:
D:1:      ncdulo_halloftheorcs, layout_basic, minmay_pentomino_x4
D:2:      layout_loops_ring, hellmonk_ecumenical_altar_dog_temple,
          kennysheep_jessica_study
D:3:      layout_basic, general_overflow_altar, fedhas_altar_3,
          jmf_multi_god_temple, uniq_crazy_yiuf_cottage, uniq_robin
D:4:      layout_basic, lemuel_coloured_pillars_altar, uniq_pikel,
          uniq_blork_the_orc
D:5:      layout_loops_ring, marbit_many_paths, uniq_grinder
D:7:      layout_basic, nicolae_gozag_cash_rules_everything_around_me
D:8:      layout_layer_cave, nicolae_dithmenos_shadow_blocks, uniq_maurice

Skill      XL: |  1  2  3  4  5  6  7  8 |
---------------+-------------------------+-----
Axes           | 3 6 7 9 |  9.6
Invocations    | 6 |  6.5
Fighting       | |  3.2
Armour         | |  3.6
Shields        | |  3.6

Action                     |  1- 3 |  4- 6 |  7- 9 || total
---------------------------+-------+-------+-------++-------
  Melee: War axe           |    63 |       |   107 ||   170
 Invoke: Recite            |     1 |       |     3 ||     4
    Use: Potion            |     1 |       |     3 ||     4
         Scroll            |       |       |     4 ||     4
   Stab: Invisible         |       |       |     1 ||     1
 Armour: Scale mail        |     6 |       |       ||     6
         Plate armour      |    47 |       |    65 ||   112
  Dodge: Dodged            |    30 |       |    22 ||    52
  Block: Buckler           |    17 |       |    23 ||    40

Table legend: (Time is in decaauts)
 A = Elapsed time spent in this place.
 B = Non-inter-level travel time spent in this place.
 C = Inter-level travel time spent in this place.
 D = Time resting spent in this place.
 E = Time spent auto-exploring this place.
 F = Levels seen in this place.
 G = Mean time per level.
                   A        B        C        D        E       F      G
               +--------+--------+--------+--------+--------+-----+--------+
         Total |    957 |    939 |     18 |      0 |      0 |   7 |  136.7 |
       Dungeon |    957 |    939 |     18 |      0 |      0 |   7 |  136.7 |
               +--------+--------+--------+--------+--------+-----+--------+

Top non-repeatable levels by time:
     D:4: 230 daAuts
     D:1: 220 daAuts
     D:3: 192 daAuts
     D:5: 94 daAuts
     D:2: 91 daAuts
     D:8: 83 daAuts
     D:7: 43 daAuts
